 Dungeon Crawl Stone Soup version 0.22.1-2-g9c5b331 (webtiles) character file.

98 Matador8 the Poker (level 4, -2/33 HPs)
             Began as a Merfolk Skald on Dec 17, 2018.
             Slain by an iguana (8 damage)
             ... on level 2 of the Dungeon.
             The game lasted 00:10:03 (2015 turns).

Matador8 the Poker (Merfolk Skald)                  Turns: 2015, Time: 00:10:04

Health: -2/33      AC:  5    Str: 12    XL:     4   Next: 71%
Magic:  5/8        EV: 12    Int: 12    God:
Gold:   54         SH:  0    Dex: 13    Spells: 2/8 levels left

rFire    . . .     SeeInvis .   a - +0 spear
rCold    . . .     Gourm    .   (no shield)
rNeg     . . .     Faith    .   b - +0 leather armour
rPois    .         Spirit   .   (no helmet)
rElec    .         Reflect  .   k - +0 cloak (curse)
rCorr    .         Harm     .   j - +0 pair of gloves (curse)
MR       .....                  (no boots)
Stlth    +.........             (no amulet)
HPRegen  0.11/turn              (no ring)
MPRegen  0.11/turn              (no ring)

@: infused, very slightly contaminated
A: change form in water, swift swim, stealthy swim
a: no special abilities


You were on level 2 of the Dungeon.
You were not hungry.

You visited 1 branch of the dungeon, and saw 3 of its levels.

You collected 54 gold pieces.

Inventory:

Hand Weapons
 a - a +0 spear (weapon)
Missiles
 p - a throwing net (quivered)
Armour
 b - a +0 leather armour (worn)
 j - a cursed +0 pair of gloves (worn)
 k - a cursed +0 cloak (worn)
 o - a scarf of repulsion
 q - a cursed +0 scale mail
 r - a +0 ring mail
 s - a +0 shield
Wands
 t - a wand of acid (11)
Scrolls
 c - 3 scrolls of identify {unknown}
 e - a scroll of teleportation {unknown}
 g - a scroll of random uselessness {unknown}
 m - 2 scrolls of magic mapping {unknown}
Potions
 h - 2 potions of might {unknown}
 i - a potion of resistance {unknown}
 l - a potion of haste {unknown}
 n - a potion of berserk rage {unknown}
Comestibles
 d - 10 rations
 f - 4 chunks of flesh


   Skills:
 - Level 2.1 Fighting
 * Level 5.4 Polearms
 - Level 0.6 Armour
 - Level 2.6 Dodging
 + Level 2.7 Spellcasting
 + Level 4.0 Charms


You had 2 spell levels left.
You knew the following spells:

 Your Spells              Type           Power        Failure   Level  Hunger
a - Infusion              Chrm           ##..         6%          1    #......
b - Shroud of Golubria    Chrm/Tloc      #.........   22%         2    ###....
c - Spectral Weapon       Hex/Chrm       #.......     38%         3    ###....

Your spell library contained the following spells:

 Spells                   Type           Power        Failure   Level  Hunger
 Song of Slaying          Chrm           ##......     10%         2    ###....
 Regeneration             Chrm/Necr      #.........   38%         3    ###....


Dungeon Overview and Level Annotations

Branches:
Dungeon (3/15)

Altars:
Trog


Message History

The iguana closely misses you.
You hit the iguana but do no damage.
The iguana is heavily wounded.
The iguana bites you!
You barely miss the iguana.
The iguana is moderately wounded.
The iguana barely misses you.
You hit the iguana but do no damage.
The iguana is moderately wounded.
You closely miss the iguana.
The iguana is moderately wounded.
The iguana misses you.
You hit the iguana.
The iguana is heavily wounded.
The iguana bites you.
* * * LOW HITPOINT WARNING * * *
You closely miss the iguana.
The iguana is heavily wounded.
The iguana bites you!
You die...

#### ...# #..# ###### #..#
#....# #..# #....########
#..###....##.....############
.....'....''....@l..........#
..####....##.....##########.##
..##.+....##...........# #..#
..##.#....##...........#####.##
.....'....''.................>#
..##.#....##...........#####..#
..##.######...###......# #..###
..##.####.'...# #......# #.....
.......####...# #......# #..###


You could see an iguana.

Vanquished Creatures
  A hound (D:2)
  An adder (D:2)
  2 oozes (D:2)
  2 leopard geckos (D:2)
  An orc (D:3)
  4 bats
  5 giant cockroaches
  6 goblins
  3 hobgoblins
  4 jackals (D:2)
  11 frilled lizards
  3 kobolds
  5 rats
48 creatures vanquished.

Notes
Turn   | Place    | Note
-------+----------+-------------------------------------------
     0 | D:1      | Matador8 the Merfolk Skald began the quest for the Orb.
     0 | D:1      | Reached XP level 1. HP: 16/16 MP: 3/3
   165 | D:1      | Reached XP level 2. HP: 22/22 MP: 3/5
   940 | D:2      | Learned a level 2 spell: Shroud of Golubria
   960 | D:2      | Reached skill level 4 in Polearms
   991 | D:2      | Reached XP level 3. HP: 27/27 MP: 3/6
  1102 | D:2      | Found a bloodstained altar of Trog.
  1231 | D:2      | Found a faded altar of an unknown god.
  1268 | D:2      | Reached skill level 5 in Polearms
  1268 | D:2      | Reached XP level 4. HP: 31/33 MP: 0/7
  1659 | D:2      | Learned a level 3 spell: Spectral Weapon
  2015 | D:2      | Slain by an iguana

Skill      XL: |  1  2  3  4 |
---------------+-------------+-----
Polearms       | 4 5 |  5.4
Charms         | 4 |  4.0
Fighting       | |  2.1
Armour         | |  0.6
Dodging        | |  2.6
Spellcasting   | |  2.7

Action                   |  1- 3 |  4- 6 || total
-------------------------+-------+-------++-------
Melee: Spear             |    87 |    66 ||   153
 Cast: Infusion          |    10 |     3 ||    13
       Shroud of Golubri |     1 |     1 ||     2
 Stab: Sleeping          |       |     1 ||     1
  Eat: Chunk             |     1 |     3 ||     4
Armor: Leather armour    |     5 |     7 ||    12
Dodge: Dodged            |    36 |    43 ||    79
